 Dungeon Crawl Stone Soup version 0.31-a0-1-g4198be8af4 (webtiles) character file.

Game seed: 1781608460506293867

581 jasper the Magician (level 7, 0/48 HPs)
             Began as a Demonspawn Hedge Wizard on May 1, 2023.
             Was an Initiate of Ru.
             Slain by a sleepcap (4 damage)
             ... on level 4 of the Dungeon.
             The game lasted 00:06:16 (5481 turns).

jasper the Magician (Demonspawn Hedge Wizard)       Turns: 5481, Time: 00:06:16

Health: 0/48       AC:  3    Str: 10    XL:     7   Next: 13%
Magic:  11/14      EV: 12    Int: 17    God:    Ru [......]
Gold:   213        SH:  0    Dex: 13    Spells: 5/15 levels left

rFire   + . .        v - +0 trident
rCold   . . .        (no shield)
rNeg    . . .        b - +0 robe
rPois   +            c - +0 hat
rElec   .            (no cloak)
rCorr   .            (no gloves)
SInv    .            r - +0 pair of boots
Will    .....        (no amulet)
Stlth   +            j - ring of poison resistance
HPRegen 0.28/turn    w - ring of protection from fire
MPRegen 0.14/turn

%: no passive effects
@: confused
A: demonic magic 2
a: Renounce Religion


You were on level 4 of the Dungeon.
You worshipped Ru.
Ru was noncommittal.
You visited 1 branch of the dungeon, and saw 5 of its levels.

You collected 213 gold pieces.

Inventory:

Hand Weapons
 a - a +0 dagger
 g - a +0 dagger of speed
 v - a +0 trident (weapon)
Missiles
 q - 5 atropa-tipped darts
 y - 5 javelins
Armour
 b - a +0 robe (worn)
 c - a +0 hat (worn)
 r - a +0 pair of boots (worn)
Jewellery
 j - a ring of poison resistance (left hand)
 w - a ring of protection from fire (right hand)
Scrolls
 e - a scroll of fog {unknown}
 f - 2 scrolls of enchant armour {unknown}
 h - 4 scrolls of teleportation {unknown}
 i - 5 scrolls of identify {unknown}
 k - 2 scrolls of immolation {unknown}
 l - a scroll of amnesia {unknown}
 n - a scroll of noise {unknown}
 p - a scroll of silence {unknown}
Potions
 d - a potion of magic
 m - a potion of curing {unknown}
 o - a potion of degeneration {unknown}
 s - a potion of heal wounds {unknown}
 t - 2 potions of attraction {unknown}
 u - a potion of mutation {unknown}
 x - a potion of flight {unknown}
 z - a potion of lignification {unknown}


   Skills:
 + Level 1.5 Fighting
 + Level 2.4 Dodging
 - Level 1.7 Stealth
 * Level 4.8 Spellcasting
 - Level 3.3 Conjurations
 - Level 1.0 Summonings
 - Level 0.8 Translocations
 - Level 2.7 Air Magic
 - Level 3.0 Poison Magic


You had 5 spell levels left.
You knew the following spells:

 Your Spells              Type           Power      Damage    Failure   Level
a - Magic Dart            Conj           60%        1d6       3%          1
b - Call Imp              Summ           14%        N/A       14%         2
c - Blink                 Tloc           14%        N/A       16%         2
d - Cigotuvi's Dreadful   Necr/Pois/Air  20%        N/A       10%         2
e - Mephitic Cloud        Conj/Pois/Air  14%        N/A       12%         3

Your spell library contained the following spells:

 Spells                   Type           Power      Damage    Failure   Level
 Momentum Strike          Conj/Tloc      22%        3d8       10%         2
 Slow                     Hex            16%        N/A       14%         1
 Hailstorm                Conj/Ice       9%         3d4       22%         3
 Spellforged Servitor     Conj/Summ      5%         N/A       100%        7


Dungeon Overview and Level Annotations

Branches:
Dungeon (5/15)
 Temple: D:4-7

Altars:
Dithmenos
Ru


Innate Abilities, Weirdness & Mutations

Spells you cast may paralyse nearby enemies.


Message History

You climb upwards.
Reactivating autopickup.
There is a stone staircase leading down here.
You take 4 damage, and have 28/48 hp.
Aiming: Magic Dart (safe; 3% risk of failure)
Press: ? - help, Q - select action, (/) - cycle Shift-Dir - straight line, f - sleepcap
Aim: a sleepcap (moderately damaged, 100% to hit)
The magic dart hits the sleepcap but does no damage.
The sleepcap is moderately damaged.
Malevolent energies surge around you. The sleepcap releases spores at you.
You take 5 damage, and have 23/48 hp.
You now have 11/14 mp.
Aiming: Magic Dart (safe; 3% risk of failure)
Press: ? - help, Q - select action, (/) - cycle Shift-Dir - straight line, f/p - sleepcap
Aim: a sleepcap (moderately damaged, 100% to hit)
The magic dart hits the sleepcap but does no damage.
The sleepcap is moderately damaged.
Malevolent energies surge around you. The sleepcap releases spores at you.
Your magical contamination has completely faded away.
You take 5 damage, and have 18/48 hp.
You now have 10/14 mp.
Deactivating autopickup; reactivate with Ctrl-A.
You hit something but do no damage. Something hits you.
The sleepcap barely misses you.
You take 3 damage, and have 15/48 hp.
You closely miss something.
You hear some strange, mumbled words.
You are confused.
The sleepcap barely misses you.
You completely miss something. Something hits you but does no damage.
The sleepcap misses you. Something hits you but does no damage.
The sleepcap releases spores at you but does no damage.
Something hits you but does no damage. The sleepcap releases spores at you!
* * * LOW HITPOINT WARNING * * *
You are engulfed in a cloud of soporific spores!
You fall asleep.
Something hits you.
You wake up.
* * * LOW HITPOINT WARNING * * *
The sleepcap releases spores at you.
You die...

#.# #......# #.# #.# #.#...##
#.# #.########.##..########.#
#..........##...........#
#############.########### #.#
#.# ######### ######f###
#.......# #....@>..# #.#####.#
#.####{#.# #.# #.# #####
#.####.#.#####.#####.#
#...#####..................#.#
#.#...............####.###.#.#
#...#####.###.....# #.......#
##.## #.##....).# #####.###
#.# #.###.....# ###.#
####.#### #.........# #...#


You could see a sleepcap.

Vanquished Creatures
  Menkaure (D:4)
  A centaur (D:5)
  A scorpion (D:4)
  A jelly (D:4)
  An orc priest (D:4)
  3 iguanas
  4 adders
  3 gnolls (D:5)
  An ufetubus (D:4)
  A worm (D:4)
  A dart slug (D:4)
  7 orcs
  6 ball pythons
  5 bats
  9 endoplasms
  3 goblins (D:1)
  11 hobgoblins
  7 jackals (D:1)
  6 quokkas
  5 frilled lizards
  5 kobolds
  4 rats
86 creatures vanquished.

Notes
Turn   | Place    | Note
-------+----------+-------------------------------------------
     0 | D:1      | jasper the Demonspawn Hedge Wizard began the quest for the
                  | Orb.
     0 | D:1      | Reached XP level 1. HP: 13/13 MP: 4/4
   192 | D:1      | Gained mutation: Spells you cast may paralyse adjacent
                  | enemies. [demonic ancestry]
   192 | D:1      | Reached XP level 2. HP: 13/19 MP: 0/6
   195 | D:1      | Learned a level 2 spell: Call Imp
   198 | D:1      | Learned a level 2 spell: Blink
   201 | D:1      | Learned a level 2 spell: Cigotuvi's Dreadful Rot
   687 | D:1      | Reached skill level 4 in Spellcasting
   841 | D:1      | Gained mutation: Spells you cast may paralyse nearby
                  | enemies. [demonic ancestry]
   841 | D:1      | Reached XP level 3. HP: 22/24 MP: 0/8
   853 | D:1      | Learned a level 3 spell: Mephitic Cloud
  2002 | D:2      | Identified the +7 dagger of the Threshing Oracle {drain,
                  | rC+ Int-3 Dex+5}
  2597 | D:2      | Reached skill level 1 in Air Magic
  2597 | D:2      | Reached skill level 1 in Poison Magic
  2597 | D:2      | Reached XP level 4. HP: 25/30 MP: 0/10
  3042 | D:3      | Found a sacrificial altar of Ru.
  3048 | D:3      | Became a worshipper of Ru the Awakened
  3654 | D:4      | Reached XP level 5. HP: 35/35 MP: 4/11
  4003 | D:4      | Found a shadowy altar of Dithmenos.
  4025 | D:4      | Noticed Menkaure
  4039 | D:4      | Killed Menkaure
  4040 | D:4      | Reached XP level 6. HP: 25/41 MP: 5/12
  4184 | D:4      | Got the Anthology of Power
  4930 | D:5      | Entered Level 5 of the Dungeon
  5072 | D:5      | Reached skill level 1 in Fighting
  5082 | D:5      | Reached XP level 7. HP: 20/48 MP: 4/14
  5481 | D:4      | Slain by a sleepcap

Illustrated notes

Levels and vault maps discovered:
D:1:      tekkud_arrival_beachfront_property, layout_loops_ring
D:2:      layout_basic, hex_medium, kennysheep_generic_room_16
D:3:      cheibrodos_pilgrimage, layout_loops_ring,
          nicolae_overflow_crystal_walls, xom_redecorated,
          gammafunk_ghost_cemetery, chequers_ecumenical_altar_simple
D:4:      layout_loops_corners, nicolae_dithmenos_the_darkroom, uniq_menkaure
D:5:      layout_cave_pools, gammafunk_ghost_split

Skill      XL: |  1  2  3  4  5  6 |
---------------+-------------------+-----
Spellcasting   | 4 |  4.8
Air Magic      | 1 2 |  2.7
Poison Magic   | 1 3 |  3.0
Conjurations   | 2 3 |  3.3
Dodging        | 2 |  2.4
Fighting       | 1 |  1.5
Stealth        | |  1.7
Summonings     | |  1.0
Translocations | |  0.8

Action                     |  1- 3 |  4- 6 |  7- 9 || total
---------------------------+-------+-------+-------++-------
  Melee: Dagger            |    50 |    13 |       ||    63
         Punch             |     1 |       |       ||     1
         Trident           |       |    34 |    10 ||    44
   Cast: Magic Dart        |   115 |   121 |    13 ||   249
         Mephitic Cloud    |       |     1 |       ||     1
 Invoke: Reject Sacrifices |       |     1 |       ||     1
   Stab: Paralysed         |     7 |    28 |     6 ||    41
         Confused          |       |     1 |       ||     1
 Armour: Robe              |     5 |     5 |     4 ||    14
  Dodge: Dodged            |    24 |    40 |    14 ||    78

Table legend: (Time is in decaauts)
 A = Elapsed time spent in this place.
 B = Non-inter-level travel time spent in this place.
 C = Inter-level travel time spent in this place.
 D = Time resting spent in this place.
 E = Time spent auto-exploring this place.
 F = Levels seen in this place.
 G = Mean time per level.
                   A        B        C        D        E       F      G
               +--------+--------+--------+--------+--------+-----+--------+
         Total |   5477 |   5291 |    186 |    479 |   4175 |   5 | 1095.4 |
       Dungeon |   5477 |   5291 |    186 |    479 |   4175 |   5 | 1095.4 |
               +--------+--------+--------+--------+--------+-----+--------+

Top non-repeatable levels by time:
     D:4: 2201 daAuts
     D:2: 1531 daAuts
     D:1: 1402 daAuts
     D:5: 180 daAuts
     D:3: 161 daAuts
